 Dungeon Crawl Stone Soup version 0.29.1-13-g9f3cf754e1 (webtiles) character file.

Game seed: 15071749937635730512

430 khekkus the Firebug (level 6, -2/45 HPs)
             Began as a Hill Orc Fire Elementalist on Jan 24, 2023.
             Slain by a black bear (3 damage)
             ... on level 4 of the Dungeon.
             The game lasted 00:20:11 (5020 turns).

khekkus the Firebug (Hill Orc Fire Elementalist)    Turns: 5020, Time: 00:20:18

Health: -2/45      AC:  7    Str: 11    XL:     6   Next: 99%
Magic:  2/8        EV: 12    Int: 17    God:
Gold:   68         SH:  0    Dex: 14    Spells: 2/8 levels left

rFire   . . .      SeeInvis .   y - +0 war axe
rCold   . . .      Faith    .   (no shield)
rNeg    . . .      Spirit   .   a - +0 robe
rPois   +          Reflect  .   l - +1 helmet
rElec   .          Harm     .   (no cloak)
rCorr   .          Rampage  .   p - +2 pair of gloves {Dex+3}
Will    .....                   (no boots)
Stlth   ++........              (no amulet)
HPRegen 0.15/turn               r - ring of poison resistance
MPRegen 0.11/turn               (no ring)

@: no status effects
A: no striking features
a: Convert to Beogh


You were on level 4 of the Dungeon.
You visited 1 branch of the dungeon, and saw 7 of its levels.
You also visited: Sewer.

You collected 68 gold pieces.

Inventory:

Hand Weapons
 f - a +0 hand axe
 w - a +2 short sword of electrocution
 y - a +0 war axe (weapon)
Armour
 a - a +0 robe (worn)
 l - a +1 helmet (worn)
 p - a +2 pair of gloves of dexterity (worn)
Magical Staves
 h - a staff of fire
Jewellery
 r - a ring of poison resistance (left hand)
 z - the ring of Wisdom {rN+ Will- Str+4 Dex+4}
   (You found it on level 4 of the Dungeon)

   [ring of positive energy]

   Str:       It affects your strength (+4).
   Dex:       It affects your dexterity (+4).
   rN:        It protects you from negative energy.
   Will:      It decreases your willpower.
Wands
 v - a wand of flame (23)
Scrolls
 c - a scroll of immolation
 i - 6 scrolls of identify {unknown}
 j - a scroll of teleportation {unknown}
 m - 2 scrolls of fear {unknown}
 n - 2 scrolls of enchant weapon {unknown}
 o - a scroll of amnesia {unknown}
 u - a scroll of butterflies {unknown}
 x - a scroll of acquirement {unknown}
 A - a scroll of enchant armour {unknown}
Potions
 b - 2 potions of flight
 d - 6 potions of curing {unknown}
 e - 2 potions of mutation {unknown}
 g - a potion of brilliance {unknown}
 k - a potion of haste {unknown}
 q - 2 potions of resistance {unknown}
 s - 5 potions of heal wounds
 t - a potion of degeneration {unknown}


   Skills:
 + Level 3.3 Axes
 + Level 0.4 Armour
 + Level 2.7 Dodging
 - Level 1.6 Stealth
 + Level 1.7 Spellcasting
 * Level 4.0 Conjurations
 * Level 5.3 Fire Magic


You had 2 spell levels left.
You knew the following spells:

 Your Spells              Type           Power      Damage    Failure   Level
a - Foxfire               Conj/Fire      68%        2x1d7     3%          1
b - Scorch                Fire           38%        2d7       3%          2
c - Conjure Flame         Conj/Fire      17%        6-21      9%          3

Your spell library contained the following spells:

 Spells                   Type           Power      Damage    Failure   Level
 Inner Flame              Hex/Fire       10%        N/A       21%         3
 Flame Wave               Conj/Fire      17%        2d7       28%         4
 Summon Guardian Golem    Hex/Summ       1%         N/A       52%         3
 Conjure Ball Lightning   Conj/Air       4%         3x3d6     100%        6
 Orb of Destruction       Conj           7%         9d6       100%        7
 Spellforged Servitor     Conj/Summ      4%         N/A       100%        7
 Discord                  Hex            0%         N/A       100%        8
 Disjunction              Tloc           0%         N/A       100%        8


Dungeon Overview and Level Annotations

Branches:
Dungeon (7/15)              Sewer (visited)
 Temple: D:4-7

Altars:
Ashenzari
Sif Muna

Annotations:
D:4 1 transporter, mopl's ghost, novice FoEn


Message History

The black bear claws you.
Found a scroll labelled HUICVE ACOIPUI.
The black bear is no longer more vulnerable to fire.
You see here a scroll labelled GUXZUMIMAI.
A - a scroll labelled GUXZUMIMAI The black bear bites you but does no damage.
The black bear closely misses you.
The black bear claws you but does no damage.
The black bear attacks as you move away!
The black bear bites you but does no damage.
The black bear claws you but does no damage. x2
The black bear attacks as you move away!
The black bear closely misses you.
The black bear claws you but does no damage.
The black bear closely misses you.
The kobold throws a stone.
The stone barely misses you.
The black bear attacks as you move away!
The black bear closely misses you. x2; The black bear misses you.
The orc priest calls down the wrath of Beogh upon you.
Beogh smites you!
The black bear attacks as you move away!
The black bear bites you. The black bear closely misses you. x2
The black bear attacks as you move away!
The black bear bites you.
* * * LOW HITPOINT WARNING * * *
The black bear claws you but does no damage.
The black bear claws you.
* * * LOW HITPOINT WARNING * * *
The black bear bites you but does no damage.
The black bear claws you.
* * * LOW HITPOINT WARNING * * *
The black bear claws you but does no damage.
As you read the scroll labelled ICUTYR OREGG, it crumbles to dust.
The creatures around you are filled with an inner flame!
It was a scroll of immolation.
The black bear bites you!
* * * LOW HITPOINT WARNING * * *
The black bear claws you.
* * * LOW HITPOINT WARNING * * *
The black bear claws you.
You die...

..... #.....#
.....
?....##...#.#
.#..
#....o#..# # .
##.....#....
#..K.o.#.....
#..o####....8.
#...#_+ ......
#..h####
#...@..#
##.....#
#.....#
###...# #####


You could see a black bear (inner flame), an orc priest (inner flame), 2 orcs
and a kobold.

Vanquished Creatures
  2 kobold brigands (Sewer)
  A necrophage (D:3)
  2 jellies
  Terence (D:3)
  Robin (D:2)
  4 adders
  A gnoll (D:1)
  A river rat (Sewer)
  A dart slug (D:3)
  10 endoplasms
  5 giant cockroaches
  8 hobgoblins
  10 jackals
  4 quokkas
  8 ball pythons
  6 bats
  A frilled lizard (D:2)
  9 goblins
  7 kobolds
  5 rats
87 creatures vanquished.

Vanquished Creatures (others)
  59 foxfires
59 creatures vanquished.

Grand Total: 146 creatures vanquished

Notes
Turn   | Place    | Note
-------+----------+-------------------------------------------
     0 | D:1      | khekkus the Hill Orc Fire Elementalist began the quest for
                  | the Orb.
     0 | D:1      | Reached XP level 1. HP: 14/14 MP: 3/3
   226 | D:1      | Reached XP level 2. HP: 18/20 MP: 0/4
   231 | D:1      | Learned a level 2 spell: Scorch
   488 | D:1      | Found a faded altar of an unknown god.
   621 | D:1      | Reached skill level 1 in Axes
   621 | D:1      | Reached XP level 3. HP: 26/26 MP: 0/5
  1127 | D:2      | Noticed Robin
  1331 | D:2      | Killed Robin
  1931 | D:2      | Reached XP level 4. HP: 33/33 MP: 1/6
  2075 | D:2      | Reached skill level 4 in Fire Magic
  2708 | D:2      | Learned a level 3 spell: Conjure Flame
  2945 | D:3      | Found a glowing drain.
  3001 | Sewer    | Entered a sewer
  3104 | Sewer    | Noticed a kobold brigand
  3105 | Sewer    | Noticed a kobold brigand
  3155 | Sewer    | Killed a kobold brigand
  3156 | Sewer    | Reached XP level 5. HP: 25/38 MP: 0/7
  3408 | Sewer    | Killed a kobold brigand
  3409 | Sewer    | Reached XP level 6. HP: 45/45 MP: 3/8
  3469 | Sewer    | Found a white marble altar of Elyvilon.
  4097 | D:3      | Noticed Terence
  4131 | D:3      | Killed Terence
  4132 | D:3      | Reached skill level 5 in Fire Magic
  4748 | D:4      | You fall into a shaft and drop 3 floors!
  4786 | D:7      | Noticed a water moccasin
  4934 | D:5      | Entered Level 5 of the Dungeon
  4952 | D:5      | Found a shimmering blue altar of Sif Muna.
  4982 | D:4      | Identified the ring of Wisdom {rN+ Will- Str+4 Dex+4}
  4992 | D:4      | Found a transporter.
  4992 | D:4      | Noticed mopl's ghost (novice FoEn)
  4998 | D:4      | Noticed a black bear
  5008 | D:4      | Found a broken altar of Ashenzari.
  5020 | D:4      | HP: 1/45 [black bear (2)]
  5020 | D:4      | Slain by a black bear

Illustrated notes

Levels and vault maps discovered:
D:1:      mrwooster_arrival_statue_3, layout_loops_cross,
          shapermc_ecumenical_altar_mp_highgroup, reono_crystal_passage
D:2:      layout_loops_ring, uniq_robin
D:3:      minmay_diamond_boxcup, layout_loops_corners, portal_sewer_entry_f,
          uniq_terence
D:4:      layout_cave_pools, ashenzari_conservatory_becter,
          minmay_temple_entry_overgrown, gammafunk_ghost_arena, serial_shops,
          nicolae_square_shop, serial_column_ruins,
          column_ruins_columns_straight, column_ruins_columns_straight,
          column_ruins_columns_corner, column_ruins_columns_straight,
          column_ruins_corridor_straight, column_ruins_grid_3
D:5:      layout_loops_cross, nicolae_overflow_hidden_temple
D:6:      layout_basic, uniq_crazy_yiuf_cottage, uniq_prince_ribbit1,
          uniq_pikel, uniq_maggie
D:7:      layout_loops_cross, gup_ossuary_entry_pyramid, grunt_ministairs_14

Skill      XL: |  1  2  3  4  5  6 |
---------------+-------------------+-----
Axes           | 1 2 3 |  3.3
Dodging        | 2 |  2.7
Conjurations   | 2 3 4 |  4.0
Fire Magic     | 4 5 |  5.3
Armour         | |  0.4
Stealth        | |  1.6
Spellcasting   | |  1.7

Action                   |  1- 3 |  4- 6 || total
-------------------------+-------+-------++-------
Melee: Hand axe          |    30 |    84 ||   114
       Dagger            |     2 |       ||     2
       War axe           |       |     3 ||     3
 Cast: Foxfire           |    29 |    26 ||    55
       Scorch            |    17 |    44 ||    61
  Use: Potion            |       |     1 ||     1
       Scroll            |       |     1 ||     1
 Stab: Sleeping          |       |     1 ||     1
Armor: Robe              |     5 |    57 ||    62
Dodge: Dodged            |    36 |    95 ||   131
